 Dungeon Crawl Stone Soup version 0.26.1-10-gdfb7c7de75 (webtiles) character file.

Game seed: 17591683394023657578

1329 tardwrangler69 the Chopper (level 8, -8/51 HPs)
             Began as a Gargoyle Fighter on Mar 31, 2021.
             Mangled by an orc warrior
             ... wielding a +0 trident of protection
              (11 damage)
             ... on level 6 of the Dungeon.
             The game lasted 00:03:41 (5059 turns).

tardwrangler69 the Chopper (Gargoyle Fighter)       Turns: 5059, Time: 00:03:42

Health: -8/51      AC: 19    Str: 22    XL:     8   Next: 60%
Magic:  8/8        EV:  4    Int:  9    God:
Gold:   232        SH: 10    Dex:  9    Spells: 7/7 levels left

rFire    . . .     SeeInvis .   a - +0 war axe
rCold    . . .     Faith    .   c - +0 kite shield
rNeg     + . .     Spirit   .   h - +0 plate armour
rPois    ∞         Reflect  .   (no helmet)
rElec    +         Harm     .   u - +0 cloak {Will+}
rCorr    .         Rampage  .   (no gloves)
Will     +....                  (no boots)
Stlth    ..........             (no amulet)
HPRegen  0.17/turn              (no ring)
MPRegen  0.11/turn              (no ring)

@: no status effects
A: negative energy resistance 1, electricity resistance, unbreathing,
petrification resistance, miasma immunity, AC +5
a: no special abilities


You were on level 6 of the Dungeon.
You visited 1 branch of the dungeon, and saw 6 of its levels.

You collected 232 gold pieces.

Inventory:

Hand Weapons
 a - a +0 war axe (weapon)
Armour
 c - a +0 kite shield (worn)
 h - a +0 plate armour (worn)
 u - a +0 cloak of willpower (worn)
Jewellery
 w - an uncursed amulet of guardian spirit {unknown}
Wands
 q - a wand of polymorph (10)
 t - a wand of flame (38)
 v - a wand of iceblast (9)
 y - a wand of paralysis (6)
Scrolls
 e - 6 scrolls of remove curse {unknown}
 f - 4 scrolls of teleportation {unknown}
 i - 3 scrolls of fog {unknown}
 k - 2 scrolls of enchant armour {unknown}
 l - 5 scrolls of identify {unknown}
 s - a scroll of magic mapping {unknown}
 x - a scroll of immolation {unknown}
 z - a scroll of enchant weapon {unknown}
Potions
 b - 2 potions of flight {unknown}
 d - a potion of might
 g - a potion of resistance {unknown}
 j - 2 potions of heal wounds {unknown}
 m - a potion of curing {unknown}
 n - 3 potions of lignification {unknown}
 o - 2 potions of degeneration {unknown}
 p - a potion of magic {unknown}
 r - a potion of ambrosia {unknown}


   Skills:
 + Level 5.9 Fighting
 * Level 6.1 Axes
 + Level 5.9 Armour
 + Level 5.9 Shields


You had 7 spell levels left.
You didn't know any spells.
Your spell library was empty.

Dungeon Overview and Level Annotations

Branches:
Dungeon (6/15)
 Temple: D:4-7

Altars:
Fedhas
Ru
Uskayaw
Yredelemnul


Innate Abilities, Weirdness & Mutations

You are resistant to torment.
Your stone body is resilient. (AC +5)
You are immune to poison.
You resist negative energy. (rN+)
You are resistant to electric shocks. (rElec)
You can survive without breathing.
You are immune to petrification.
You are immune to miasma.


Message History

The orc warrior hits you but does no damage.
You block the iguana's attack.
You hit the orc warrior.
The orc warrior is moderately wounded.
You barely miss the iguana. You block the iguana's attack.
You block the orc warrior's attack. The iguana bites you.
* * * LOW HITPOINT WARNING * * *
You block the orc warrior's attack.
Your plate armour prevents you from hitting the orc warrior.
The orc warrior is moderately wounded.
You hit the iguana.
The iguana bites you but does no damage.
The orc warrior hits you with a +0 trident of protection.
* * * LOW HITPOINT WARNING * * *
You hit the orc warrior.
The orc warrior is moderately wounded.
You hit the iguana.
The iguana bites you but does no damage.
The orc warrior hits you with a +0 trident of protection!
You die...

#.# #... #.# #######
.... #.# #....<. .....
###.########.#####
.....##............#####
#.....................#
#.$...................#
#.....l...............#
#.....@#'##...##......#
#....o.#.##...##......#
+......#.##...##...<..#
######.#.......#......#
#.#######.#......# #.#
.+......# #.# ##
.#......# #.. ...
.#)...... .... #)######


You could see an orc warrior and an iguana.

Vanquished Creatures
  Edmund (D:5)
  A water moccasin (D:5)
  Duvessa (D:5)
  3 ogres (D:5)
  Dowan (D:5)
  A scorpion (D:4)
  An orc priest (D:4)
  A gnoll shaman (D:4)
  A hound (D:5)
  A jelly (D:5)
  Crazy Yiuf (D:4)
  An iguana (D:4)
  3 orc wizards
  Ijyb (D:5)
  6 worker ants
  7 adders
  7 gnolls (D:4)
  4 worms
  2 dart slugs
  6 leopard geckos
  16 orcs
  5 bats
  3 giant cockroaches
  A goblin (D:1)
  7 hobgoblins
  7 jackals
  8 frilled lizards
  8 kobolds
  7 rats
112 creatures vanquished.

Notes
Turn   | Place    | Note
-------+----------+-------------------------------------------
     0 | D:1      | tardwrangler69 the Gargoyle Fighter began the quest for the
                  | Orb.
     0 | D:1      | Reached XP level 1. HP: 14/14 MP: 1/1
   212 | D:1      | Reached skill level 2 in Axes
   280 | D:1      | Reached XP level 2. HP: 19/19 MP: 2/2
   972 | D:2      | Reached XP level 3. HP: 21/23 MP: 3/3
  1283 | D:2      | Reached XP level 4. HP: 23/29 MP: 4/4
  1468 | D:2      | Reached skill level 3 in Axes
  1554 | D:2      | Reached XP level 5. HP: 30/33 MP: 5/5
  1688 | D:2      | Found a sacrificial altar of Ru.
  2070 | D:3      | Found a basalt altar of Yredelemnul.
  2866 | D:4      | Reached XP level 6. HP: 15/38 MP: 6/6
  3113 | D:4      | Reached skill level 4 in Axes
  3348 | D:4      | Found a hide-covered altar of Uskayaw.
  3348 | D:4      | Found a blossoming altar of Fedhas.
  3520 | D:4      | Reached XP level 7. HP: 44/44 MP: 7/7
  3685 | D:4      | Found a runed translucent door.
  3686 | D:4      | Noticed Crazy Yiuf
  3695 | D:4      | Killed Crazy Yiuf
  3744 | D:5      | Entered Level 5 of the Dungeon
  3765 | D:5      | Reached skill level 5 in Fighting
  3765 | D:5      | Reached skill level 5 in Armour
  3765 | D:5      | Reached skill level 5 in Shields
  3867 | D:5      | Noticed Duvessa
  3868 | D:5      | Noticed Dowan
  3880 | D:5      | Killed Dowan
  3881 | D:5      | Killed Duvessa
  3882 | D:5      | Reached skill level 5 in Axes
  3998 | D:5      | Reached XP level 8. HP: 31/50 MP: 8/8
  4397 | D:5      | Noticed Edmund
  4401 | D:5      | Noticed Ijyb
  4439 | D:5      | Killed Ijyb
  4444 | D:5      | Killed Edmund
  4445 | D:5      | Reached skill level 6 in Axes
  5059 | D:6      | Mangled by an orc warrior

Illustrated notes

Levels and vault maps discovered:
D:1:      lemuel_arrival_tunnels, layout_basic
D:2:      layout_loops_cross, marbit_many_paths
D:3:      layout_loops_corners, old_standard_altar
D:4:      layout_basic, chequers_temple_overflow_statue_of_worship,
          uniq_crazy_yiuf_cottage
D:5:      layout_cave_pods, uniq_edmund, uniq_duvessa, uniq_ijyb
D:6:      layout_basic, minmay_temple_entry_gardened_gates,
          hangedman_abyss_or_decor_stabs, kennysheep_generic_room_5

Skill      XL: |  1  2  3  4  5  6  7  8 |
---------------+-------------------------+-----
Axes           | 2 3 4 5 6 |  6.1
Fighting       | 4 5 |  5.9
Armour         | 4 5 |  5.9
Shields        | 4 5 |  5.9

Action                   |  1- 3 |  4- 6 |  7- 9 || total
-------------------------+-------+-------+-------++-------
Melee: War axe           |   108 |   236 |   143 ||   487
  Use: Potion            |       |       |     1 ||     1
Armor: Scale mail        |    11 |       |       ||    11
       Plate armour      |    74 |   190 |    90 ||   354
       Skin              |       |       |     6 ||     6
Dodge: Dodged            |    26 |    57 |    28 ||   111
Block: Kite shield       |    69 |   138 |   101 ||   308
